 Dungeon Crawl Stone Soup version 0.31-a0-175-g9f7f995f2b (webtiles) character file.

Game seed: 12163741828246385893

540 qw the Shooter (level 7, 0/66 HPs)
             Began as a Naga Hunter on June 16, 2023.
             Slain by a kobold brigand
             ... wielding a +2 short sword of protection
              (4 damage)
             ... in a sewer.
             The game lasted 00:00:50 (1441 turns).

qw the Shooter (Naga Hunter)                        Turns: 1441, Time: 00:00:51

Health: 0/66       AC:  3    Str: 13    XL:     7   Next: 26%
Magic:  7/7        EV:  9    Int: 10    God:
Gold:   67         SH:  0    Dex: 16    Spells: 6/6 levels left

rFire   . . .        Y - +1 shortbow
rCold   . . .        (shield currently unavailable)
rNeg    . . .        c - +0 leather armour
rPois   +            (no helmet)
rElec   .            (no cloak)
rCorr   .            (no gloves)
SInv    +            (no barding)
Will    .....        (no amulet)
Stlth   ++           (no ring)
HPRegen 0.31/turn    (no ring)
MPRegen 0.10/turn

%: no passive effects
@: short of breath, very slow
A: AC +2, large, see invisible, deformed body, poison resistance, slowness 2,
spit poison 1, naga tail 1
a: Spit Poison


You were in a sewer.
You visited 1 branch of the dungeon, and saw 3 of its levels.
You also visited: Sewer.

You collected 67 gold pieces.


Innate Abilities, Weirdness & Mutations

Your serpentine skin is tough. (AC +2)
You have supernaturally acute eyesight. (SInv)
Armour fits poorly on your strangely shaped body.
Your system is resistant to poisons. (rPois)
You cover ground very slowly.
You can spit poison.
You have a snake-like lower body.


   Skills:
 - Level 4.3 Fighting
 + Level 6.9 Ranged Weapons
 - Level 1.5 Dodging
 - Level 1.5 Stealth


You had 6 spell levels left.
You didn't know any spells.
Your spell library was empty.

Inventory:

Hand Weapons
 Y - a +1 shortbow (weapon)
Armour
 c - a +0 leather armour (worn)
Potions
 b - a potion of curing {unknown}
 d - 2 potions of might
 g - a potion of ambrosia {unknown}

Dungeon Overview and Level Annotations

Branches:
Dungeon (3/15)              Sewer (1/1)

Altars:
Ashenzari


Message History

The splash of poison hits the kobold brigand.
The kobold brigand looks even sicker.
The kobold brigand is heavily wounded.
The kobold brigand hits you with a +2 short sword of protection.
You shoot an arrow.
The arrow barely misses the kobold brigand.
You have got your breath back.
The kobold brigand hits you with a +2 short sword of protection. x2
1436 ||| INVOKING Spit Poison.
Aiming: Spit Poison (1% risk of failure)
Press: ? - help, Shift-Dir - straight line, f/p - kobold brigand The splash of poison hits the kobold brigand.
The kobold brigand looks even sicker.
The kobold brigand is heavily wounded.
The kobold brigand hits you with a +2 short sword of protection.
The kobold brigand splashes around in the water.
You shoot an arrow.
The arrow hits the kobold brigand but does no damage.
The kobold brigand is heavily wounded.
You feel yourself speed up.
The kobold brigand splashes around in the water.
You shoot an arrow. The arrow hits the kobold brigand.
The kobold brigand is severely wounded.
The kobold brigand hits you with a +2 short sword of protection.
You shoot an arrow.
The arrow barely misses the kobold brigand.
The kobold brigand hits you with a +2 short sword of protection.
The kobold brigand barely misses you.
You shoot an arrow.
The arrow closely misses the kobold brigand.
You have got your breath back.
The kobold brigand barely misses you.
1441 ||| INVOKING Spit Poison.
Aiming: Spit Poison (1% risk of failure)
Press: ? - help, Shift-Dir - straight line, f/p - kobold brigand The splash of poison hits the kobold brigand.
The kobold brigand looks even sicker.
The kobold brigand is almost dead.
The kobold brigand hits you with a +2 short sword of protection.
You die...

~~...##....####~~)~.#####
~..~..~~~~## #####.~~~.#
.~...~.~.## #######
..~~~~.~~# .\.~~~~~~#
...~...~~# .....~..~##
### ~....~.~~.##
#####~~~~.
~.~.~##~.~.####.@K~~#
~..~####.~.~..~.###~~~~.
~~..# #..~~.~~~# #######
~~~~~ ##~~..~~~###~~~~.#
~~~ #######~~~~~#####
#####~~~~.# #######


You could see a kobold brigand (very poisoned).

Vanquished Creatures
  Sigmund (D:3)
  2 kobold brigands (Sewer)
  Jessica (D:2)
  An orc wizard (D:3)
  Natasha (thrice) (D:2)
  4 adders
  A river rat (Sewer)
  A worm (D:2)
  3 dart slugs
  An orc (D:3)
  5 ball pythons
  4 bats
  5 endoplasms
  A giant cockroach (D:1)
  3 goblins
  3 hobgoblins (D:1)
  2 jackals (D:1)
  5 kobolds
  2 quokkas (D:2)
  5 frilled lizards
  7 rats
60 creatures vanquished.

Notes
Turn   | Place    | Note
-------+----------+-------------------------------------------
     0 | D:1      | qw the Naga Hunter began the quest for the Orb.
     0 | D:1      | Reached XP level 1. HP: 19/19 MP: 1/1
     0 | D:1      | 0 ||| qw: Version: 0.2-a-29-g511e9b1
     0 | D:1      | 0 ||| qw: Game counter: 5825
     0 | D:1      | 0 ||| qw: Always use a shield: true
     0 | D:1      | 0 ||| qw: God list: Okawaru
     0 | D:1      | 0 ||| qw: Allow faded altars: false
     0 | D:1      | 0 ||| qw: Do Orc after D:15 true
     0 | D:1      | 0 ||| qw: Do second Lair branch before Depths: true
     0 | D:1      | 0 ||| qw: Lair rune preference: random
     0 | D:1      | 0 ||| qw: Plans: Normal
     0 | D:1      | 0 ||| PLANNING D:1-11
    11 | D:1      | 11 ||| INVOKING Spit Poison.
    71 | D:1      | 71 ||| INVOKING Spit Poison.
    76 | D:1      | 76 ||| INVOKING Spit Poison.
    82 | D:1      | 82 ||| INVOKING Spit Poison.
    87 | D:1      | 87 ||| INVOKING Spit Poison.
    90 | D:1      | 90 ||| INVOKING Spit Poison.
    93 | D:1      | 93 ||| INVOKING Spit Poison.
   141 | D:1      | 141 ||| INVOKING Spit Poison.
   158 | D:1      | 158 ||| INVOKING Spit Poison.
   159 | D:1      | Reached skill level 4 in Ranged Weapons
   159 | D:1      | Reached XP level 2. HP: 26/26 MP: 2/2
   179 | D:1      | 179 ||| INVOKING Spit Poison.
   195 | D:1      | 195 ||| INVOKING Spit Poison.
   198 | D:1      | 198 ||| INVOKING Spit Poison.
   236 | D:1      | 236 ||| INVOKING Spit Poison.
   240 | D:1      | 240 ||| INVOKING Spit Poison.
   264 | D:1      | 264 ||| INVOKING Spit Poison.
   267 | D:1      | 267 ||| INVOKING Spit Poison.
   283 | D:1      | 283 ||| INVOKING Spit Poison.
   287 | D:1      | 287 ||| INVOKING Spit Poison.
   295 | D:1      | 295 ||| INVOKING Spit Poison.
   315 | D:1      | 315 ||| INVOKING Spit Poison.
   322 | D:1      | 322 ||| INVOKING Spit Poison.
   323 | D:1      | Reached XP level 3. HP: 27/32 MP: 3/3
   346 | D:1      | 346 ||| INVOKING Spit Poison.
   376 | D:1      | 376 ||| INVOKING Spit Poison.
   478 | D:1      | 478 ||| READING scroll labelled QUDGHA OSIHOKK.
   479 | D:1      | 479 ||| READING scroll labelled EMATZE PEQIYSCH.
   483 | D:1      | 483 ||| DROPPING scroll of butterflies.
   495 | D:2      | 495 ||| INVOKING Spit Poison.
   499 | D:2      | 499 ||| STAIRDANCE
   501 | D:1      | 501 ||| INVOKING Spit Poison.
   578 | D:2      | 578 ||| INVOKING Spit Poison.
   589 | D:2      | 589 ||| INVOKING Spit Poison.
   592 | D:2      | 592 ||| INVOKING Spit Poison.
   597 | D:2      | 597 ||| INVOKING Spit Poison.
   616 | D:2      | 616 ||| INVOKING Spit Poison.
   620 | D:2      | 620 ||| INVOKING Spit Poison.
   648 | D:2      | Noticed Natasha
   649 | D:2      | 649 ||| INVOKING Spit Poison.
   652 | D:2      | 652 ||| INVOKING Spit Poison.
   652 | D:2      | Killed Natasha
   653 | D:2      | Reached skill level 5 in Ranged Weapons
   653 | D:2      | Reached XP level 4. HP: 33/39 MP: 4/4
   729 | D:2      | Noticed Natasha
   730 | D:2      | 730 ||| INVOKING Spit Poison.
   733 | D:2      | Killed Natasha
   756 | D:2      | Found a broken altar of Ashenzari.
   817 | D:2      | 817 ||| INVOKING Spit Poison.
   823 | D:2      | 823 ||| INVOKING Spit Poison.
   861 | D:2      | Noticed Natasha
   862 | D:2      | 862 ||| INVOKING Spit Poison.
   866 | D:2      | Killed Natasha
   867 | D:2      | Reached skill level 3 in Fighting
   867 | D:2      | Reached XP level 5. HP: 30/49 MP: 5/5
   907 | D:2      | 907 ||| INVOKING Spit Poison.
   938 | D:2      | 938 ||| INVOKING Spit Poison.
   939 | D:2      | 939 ||| INVOKING Spit Poison.
   943 | D:2      | Noticed Jessica
   946 | D:2      | 946 ||| INVOKING Spit Poison.
   946 | D:2      | Killed Jessica
   967 | D:2      | 967 ||| INVOKING Spit Poison.
  1048 | D:2      | 1048 ||| DROPPING +6 ring of intelligence.
  1049 | D:2      | 1049 ||| READING scroll labelled TURGHE DIRHUC.
  1050 | D:2      | 1050 ||| READING scroll labelled BYASSY SESORPHE.
  1051 | D:2      | 1051 ||| DRINKING 3 purple potions.
  1052 | D:2      | 1052 ||| DRINKING 2 fuming orange potions.
  1080 | D:2      | 1080 ||| DROPPING potion of lignification.
  1111 | D:3      | 1111 ||| PLANNING SEWER
  1122 | D:3      | 1122 ||| INVOKING Spit Poison.
  1140 | D:3      | Noticed Sigmund
  1141 | D:3      | 1141 ||| INVOKING Spit Poison.
  1145 | D:3      | Killed Sigmund
  1146 | D:3      | Reached skill level 6 in Ranged Weapons
  1146 | D:3      | Reached XP level 6. HP: 56/56 MP: 6/6
  1186 | D:3      | Found a glowing drain.
  1189 | D:3      | 1189 ||| INVOKING Spit Poison.
  1195 | D:3      | 1195 ||| INVOKING Spit Poison.
  1203 | D:3      | 1203 ||| INVOKING Spit Poison.
  1209 | D:3      | 1209 ||| INVOKING Spit Poison.
  1216 | D:3      | 1216 ||| INVOKING Spit Poison.
  1255 | Sewer    | Entered a sewer
  1277 | Sewer    | 1277 ||| INVOKING Spit Poison.
  1280 | Sewer    | 1280 ||| INVOKING Spit Poison.
  1333 | Sewer    | 1333 ||| INVOKING Spit Poison.
  1339 | Sewer    | 1339 ||| INVOKING Spit Poison.
  1343 | Sewer    | Reached XP level 7. HP: 66/66 MP: 7/7
  1355 | Sewer    | 1355 ||| INVOKING Spit Poison.
  1359 | Sewer    | 1359 ||| INVOKING Spit Poison.
  1414 | Sewer    | 1414 ||| INVOKING Spit Poison.
  1420 | Sewer    | 1420 ||| INVOKING Spit Poison.
  1426 | Sewer    | 1426 ||| INVOKING Spit Poison.
  1431 | Sewer    | 1431 ||| INVOKING Spit Poison.
  1434 | Sewer    | 1434 ||| INVOKING Spit Poison.
  1435 | Sewer    | HP: 13/66 [kobold brigand/+2 short sword of protection (6)]
  1436 | Sewer    | 1436 ||| INVOKING Spit Poison.
  1439 | Sewer    | HP: 4/66 [kobold brigand/+2 short sword of protection (4)]
  1441 | Sewer    | 1441 ||| INVOKING Spit Poison.
  1441 | Sewer    | Slain by a kobold brigand

Levels and vault maps discovered:
D:1:      minmay_arrival_shattered_statue, layout_basic
D:2:      layout_rooms, basic_altar, nrook_mini_vaults, uniq_jessica,
          uniq_natasha
D:3:      wad_woods_tower, layout_loops_ring, cheibrodos_sewer_entry_drain,
          uniq_sigmund, uniq_crazy_yiuf_cottage
Sewer:    sewer_co_tree

Skill      XL: |  1  2  3  4  5  6 |
---------------+-------------------+-----
Ranged Weapons | 4 5 6 |  6.9
Fighting       | 3 4 |  4.3
Dodging        | |  1.5
Stealth        | |  1.5

Action                     |  1- 3 |  4- 6 |  7- 9 || total
---------------------------+-------+-------+-------++-------
   Fire: Shortbow          |    68 |    64 |    32 ||   164
Ability: Spit Poison       |    33 |    19 |     9 ||    61
    Use: Scroll            |     2 |     2 |       ||     4
         Potion            |       |     2 |       ||     2
 Armour: Leather armour    |     7 |     2 |     5 ||    14
  Dodge: Dodged            |    25 |    19 |     8 ||    52

Table legend:
 A = Non-vault XP
 B = Vault XP
 C = Vault XP percentage of total XP
 D = Non-vault monster count
 E = Vault monster count
 F = Vault count percentage of total count
                 A         B        C        D         E       F
            +---------+---------+-------+---------+---------+-------
      Total |     209 |     563 |  72.9 |      43 |      17 |  28.3
            +---------+---------+-------+---------+---------+-------
        D:1 |      52 |       0 |   0.0 |      23 |       0 |   0.0
        D:2 |     112 |      72 |  39.1 |      15 |       2 |  11.8
        D:3 |      45 |     243 |  84.4 |       5 |       4 |  44.4
      Sewer |       0 |     248 | 100.0 |       0 |      11 | 100.0
            +---------+---------+-------+---------+---------+-------
